 Dungeon Crawl Stone Soup version 0.29-a0-551-gffc1d7fb78 (webtiles) character file.

Game seed: 9303978198588970575

3 xian the Grave Robber (level 1, 0/13 HPs)
             Began as a Demonspawn Necromancer on June 5, 2022.
             Slain by a kobold
             ... wielding a +0 club
              (2 damage)
             ... on level 1 of the Dungeon.
             The game lasted 00:00:50 (208 turns).

xian the Grave Robber (Demonspawn Necromancer)       Turns: 208, Time: 00:00:51

Health: 0/13       AC:  2    Str:  8    XL:     1   Next: 41%
Magic:  0/3        EV: 12    Int: 16    God:
Gold:   0          SH:  0    Dex: 13    Spells: 3/4 levels left

rFire   . . .      SeeInvis .   (no weapon)
rCold   . . .      Faith    .   (no shield)
rNeg    . . .      Spirit   .   a - +0 robe
rPois   .          Reflect  .   (no helmet)
rElec   .          Harm     .   (no cloak)
rCorr   .          Rampage  .   (no gloves)
Will    .....                   (no boots)
Stlth   ++........              (no amulet)
HPRegen 0.04/turn               (no ring)
MPRegen 0.08/turn               (no ring)

@: no status effects
A: no striking features
a: no special abilities


You were on level 1 of the Dungeon.
You visited 1 branch of the dungeon, and saw 1 of its levels.

Inventory:

Armour
 a - a +0 robe (worn)
Potions
 b - a potion of magic


   Skills:
 + Level 1.8 Dodging
 + Level 1.7 Stealth
 + Level 2.0 Spellcasting
 + Level 4.5 Necromancy


You had 3 spell levels left.
You knew the following spells:

 Your Spells              Type           Power      Damage    Failure   Level
a - Necrotize             Necr           64%        1d7       3%          1

Your spell library contained the following spells:

 Spells                   Type           Power      Damage    Failure   Level
 Vampiric Draining        Necr           16%        2d7       10%         3
 Animate Dead             Necr           16%        N/A       32%         4
 Agony                    Necr           16%        N/A       65%         5


Dungeon Overview and Level Annotations

Branches:
Dungeon (1/15)

Altars:


Message History

The kobold is severely wounded.
The bat barely misses you. The ball python closely misses you.
The ball python grabs you. The ball python constricts you.
The kobold hits you but does no damage.
You barely miss the kobold. Your punch misses the kobold.
The kobold is severely wounded.
The bat barely misses you. The ball python bites you.
The ball python constricts you. The kobold closely misses you.
The ball python bites you. The ball python constricts you.
You miss the kobold.
The kobold is severely wounded.
The bat hits you but does no damage. The bat barely misses you.
The kobold hits you with a +0 club. The ball python bites you.
The ball python constricts you.
Your magical contamination has completely faded away.
You hit the kobold but do no damage.
The kobold is severely wounded.
The bat hits you but does no damage. The bat barely misses you.
The kobold hits you with a +0 club. The ball python barely misses you.
The ball python constricts you.
* * * LOW HITPOINT WARNING * * *
You escape the ball python's grasp.
The ball python attacks as you move away!
The ball python barely misses you. The bat barely misses you.
The bat hits you but does no damage. The bat hits you but does no damage.
The bat hits you.
* * * LOW HITPOINT WARNING * * *
The bat hits you but does no damage. The kobold barely misses you.
The bat hits you but does no damage. The bat closely misses you.
The kobold attacks as you move away! The kobold barely misses you.
The bat misses you.
You are too injured to fight recklessly!
Aiming: Necrotize (safe; 3% risk of failure)
Press: ? - help, Q - select action Shift-Dir - straight line, f/p - kobold
Aim: a kobold, wielding a +0 club (heavily wounded, chance to affect: 86%)
The kobold writhes in agony.
The kobold hits you with a +0 club.
You die...

.#...$..##.# #.##..##
...........## ## ##...
.#..........####### #...
.#.......##.......# ##..
..P≈.....##.......#####..
..≈P.....##..............
P≈P≈PP.Sb##..............
≈P♣♣≈≈.#K##..............
♣♣ ♣♣≈.#@##.......##'####
♣≈P..##.######.......
♣PP..##......#.#.####
♣≈≈.#.######.##.#.#
≈PPP##.# #....#.# P.###
#.# ####.#.# # ... ....#
#.# ...##.. ..... .♣PP


You could see a bat, a ball python and a kobold.

Vanquished Creatures
  A goblin (D:1)
  2 bats (D:1)
  A rat (D:1)
4 creatures vanquished.

Notes
Turn   | Place    | Note
-------+----------+-------------------------------------------
     0 | D:1      | xian the Demonspawn Necromancer began the quest for the
                  | Orb.
     0 | D:1      | Reached XP level 1. HP: 13/13 MP: 3/3
   208 | D:1      | Slain by a kobold

Illustrated notes

Levels and vault maps discovered:
D:1:      dpeg_arrival_subterranean_lakeside_camping, layout_basic,
          serial_bayou, serial_bayou_pond_a, serial_bayou_pond_c,
          serial_bayou_shore_b, serial_bayou_shore_a, serial_bayou_crossing,
          serial_bayou_shore_b

Action                   || total
-------------------------++-------
Melee: Unarmed           ||    23
 Cast: Necrotize         ||     7
 Stab: Sleeping          ||     1
Armor: Robe              ||    16
Dodge: Dodged            ||    38

Table legend: (Time is in decaauts)
 A = Elapsed time spent in this place.
 B = Non-inter-level travel time spent in this place.
 C = Inter-level travel time spent in this place.
 D = Time resting spent in this place.
 E = Time spent auto-exploring this place.
 F = Levels seen in this place.
 G = Mean time per level.
                   A        B        C        D        E       F      G
               +--------+--------+--------+--------+--------+-----+--------+
         Total |    211 |    211 |      0 |      0 |    144 |   1 |  211.0 |
       Dungeon |    211 |    211 |      0 |      0 |    144 |   1 |  211.0 |
               +--------+--------+--------+--------+--------+-----+--------+

Top non-repeatable levels by time:
     D:1: 211 daAuts
